 Dungeon Crawl Stone Soup version 0.30.1 (webtiles) character file.

Game seed: 10983817510083573964

328 Sanktem7 the Chopper (level 6, 0/53 HPs)
             Began as a Minotaur Fighter on July 7, 2023.
             Slain by a hound (3 damage)
             ... on level 4 of the Dungeon.
             The game lasted 00:04:08 (2693 turns).

Sanktem7 the Chopper (Minotaur Fighter)             Turns: 2693, Time: 00:04:09

Health: 0/53       AC:  9    Str: 23    XL:     6   Next: 25%
Magic:  5/5        EV:  7    Int:  5    God:
Gold:   228        SH:  8    Dex:  9    Spells: 5/5 levels left

rFire   . . .        a - +0 war axe {axe}
rCold   . . .        s - +0 kite shield
rNeg    . . .        y - +0 chain mail
rPois   .            (helmet restricted)
rElec   .            (no cloak)
rCorr   .            (no gloves)
SInv    .            (no boots)
Will    .....        (no amulet) Stlth
                     (no ring)
HPRegen 0.28/turn    (no ring)
MPRegen 0.09/turn

%: no passive effects
@: no status effects
A: horns 2, retaliatory headbutt
a: no special abilities


You were on level 4 of the Dungeon.
You visited 1 branch of the dungeon, and saw 4 of its levels.

You collected 228 gold pieces.


Innate Abilities, Weirdness & Mutations

You have a pair of horns on your head.
You reflexively headbutt those who attack you in melee.


   Skills:
 + Level 4.7 Fighting
 * Level 5.2 Axes
 + Level 1.9 Throwing
 + Level 4.8 Armour
 + Level 4.7 Shields


You had 5 spell levels left.
You didn't know any spells.
Your spell library contained the following spells:

 Spells                   Type           Power      Damage    Failure   Level
 Sublimation of Blood     Necr           0%         N/A       100%        2
 Stone Arrow              Conj/Erth      0%         3d7       100%        3
 Animate Armour           Summ/Erth      0%         N/A       100%        4
 Petrify                  Tmut/Erth      0%         N/A       100%        4
 Irradiate                Conj/Tmut      0%         3d11      100%        5
 Lehudib's Crystal Spear  Conj/Erth      0%         10d2      100%        8

Inventory:

Hand Weapons
 a - a +0 war axe (weapon) {axe}
 B - a +0 flail of protection {mace}
   (You took it off a gnoll on level 3 of the Dungeon)
Missiles
 i - 34 stones (quivered) {throwing}
 u - 4 poisoned darts {throwing}
Armour
 h - a scarf of invisibility
   (You found it on level 1 of the Dungeon)
 s - a +0 kite shield (worn)
   (You found it on level 2 of the Dungeon)
 y - a +0 chain mail (worn)
   (You found it on level 3 of the Dungeon)
Magical Staves
 v - a staff of fire {!astaff}
   (You found it on level 2 of the Dungeon)
Wands
 A - a wand of mindburst (15)
   (You found it on level 3 of the Dungeon)
Scrolls
 b - a scroll of fear {unknown}
 c - a scroll of brand weapon {unknown}
 f - 3 scrolls of immolation {unknown}
 g - 2 scrolls of poison {unknown}
 j - 2 scrolls of vulnerability {unknown}
 k - 3 scrolls of identify {unknown}
 m - a scroll of torment {unknown}
 n - a scroll of silence {unknown}
 o - 2 scrolls of teleportation {unknown}
 q - a scroll of noise {unknown}
 t - a scroll of enchant armour {unknown}
 z - a scroll of fog {unknown}
Potions
 d - 2 potions of might
 e - a potion of invisibility {unknown}
 l - 2 potions of curing {unknown}
 p - 3 potions of heal wounds {unknown}
 r - a potion of lignification {unknown}
 w - 2 potions of flight {unknown}
 x - a potion of brilliance {unknown}

Dungeon Overview and Level Annotations

Branches:
Dungeon (4/15) Zot: 21179
 Temple: D:4-7

Altars:
Fedhas

.# ........... .#
......... .#
....... .# .....
.# ... .# #†# ##
#.# #h# #@# #)#
################.#
...>.............#
##################


You could see a hound.


Message History

You are engulfed in a cloud of soporific spores!
You fall asleep.
The sleepcap releases spores at you.
You wake up. 😕 HP[-7]
You take 7 damage, and now have 38/47 hp.
You hit the sleepcap.
You headbutt the sleepcap, but do no damage.
The sleepcap releases spores at you.
You are engulfed in a cloud of soporific spores!
You are unaffected. 😕 HP[-2]
You take 2 damage, and now have 36/47 hp.
You hit the sleepcap. You headbutt the sleepcap.
You destroy the sleepcap!
Menkaure hits you. 😮 HP[-5]
You take 5 damage, and now have 31/47 hp.
You hit Menkaure. You block Menkaure's attack.
You hit Menkaure. Menkaure hits you. Menkaure barely misses you.
You hit Menkaure but do no damage. Menkaure breathes soot at you.
Menkaure hits you but does no damage. Menkaure hits you!
* * * LOW HITPOINT WARNING * * *
😨 HP[-8]
You take 8 damage, and now have 23/47 hp.
You slash Menkaure! Your headbutt misses Menkaure.
Menkaure casts a spell at you. Pain shoots through your body!
* * * LOW HITPOINT WARNING * * *
😨 HP[-3]
You take 3 damage, and now have 20/47 hp.
You hit Menkaure. Menkaure barely misses you. You furiously retaliate!
You headbutt Menkaure. Menkaure hits you!
* * * LOW HITPOINT WARNING * * *
😱 HP[-10]
You take 10 damage, and now have 10/47 hp.
MASSIVE DAMAGE!! (PAUSE)
You slash Menkaure!
You destroy Menkaure!
The dart slug launches a dart at you. The slug dart hits you.
* * * LOW HITPOINT WARNING * * *
Your Axes skill increases to level 5!
You have reached level 6! 😱 HP[-2] MP[+1]
You now have 53 max hp (+6).
Your mp is fully restored (5). 😱 HP[+1]
The orc attacks as you move away! You block the orc's attack.
You barely miss the orc. Your headbutt misses the orc.
The orc barely misses you. 😱 HP[+1]
You slash the orc!
You kill the orc!
You slash the dart slug!
You kill the dart slug!
The kobold throws a stone.
The stone hits you but does no damage. 😱 HP[+1]
The kobold hits you but does no damage.
Things that are here:
a +0 hand axe {axe}; a dart slug corpse You closely miss the kobold.
You headbutt the kobold.
You kill the kobold!
You barely miss the orc. You block the orc's attack.
The orc hits you but does no damage. 😱 HP[+1]
You slash the orc! Your headbutt misses the orc.
The orc hits you with a +0 short sword.
* * * LOW HITPOINT WARNING * * *
😱 HP[-1]
You take 1 damage, and now have 11/53 hp.
You closely miss the orc. Your headbutt misses the orc.
The orc hits you with a +0 short sword.
* * * LOW HITPOINT WARNING * * *
😱 HP[-2]
You take 2 damage, and now have 9/53 hp.
You slash the orc!
You kill the orc!
The orc hits you but does no damage. 😱 HP[+1]
You hit the orc. The orc barely misses you. You furiously retaliate!
You headbutt the orc!
You kill the orc!
You block the hound's attack. The hound bites you but does no damage.
Items here: ( ))) †.
You hit the hound. You block the hound's attack.
The hound bites you but does no damage. 😱 HP[+1]
You barely miss the hound. Your headbutt misses the hound.
You block the hound's attack. The hound bites you.
* * * LOW HITPOINT WARNING * * *
😱 HP[-5]
You take 5 damage, and now have 6/53 hp.
You barely miss the hound. The hound bites you but does no damage.
The hound bites you.
* * * LOW HITPOINT WARNING * * *
😱 HP[-4]
You take 4 damage, and now have 2/53 hp.
You barely miss the hound. You headbutt the hound.
You block the hound's attack. The hound bites you.
You die...

Skill      XL: |  1  2  3  4  5 |
---------------+----------------+-----
Axes           | 3 4 5 |  5.2
Fighting       | 4 |  4.7
Armour         | 4 |  4.8
Shields        | 4 |  4.7
Throwing       | 1 |  1.9

Action                     |  1- 3 |  4- 6 || total
---------------------------+-------+-------++-------
  Melee: War axe           |    88 |   100 ||   188
         Headbutt          |     8 |    19 ||    27
 Armour: Scale mail        |    42 |       ||    42
         Chain mail        |     2 |    44 ||    46
  Dodge: Dodged            |    34 |    33 ||    67
  Block: Buckler           |     5 |       ||     5
         Kite shield       |    23 |    56 ||    79

Levels and vault maps discovered:
D:1:      mainiacjoe_arrival_reflecting_pool, layout_loops_ring,
          basic_ecumenical_altar, minmay_distorted
D:2:      layout_loops_ring, basic_altar, dreamdust_princess_corridor
D:3:      layout_loops_ring, minmay_statues_item,
          chequers_serial_rivers_large_b, corexii_item_surrounded_by_moat,
          uniq_ijyb
D:4:      cheibrodos_helix_gallery, layout_basic, uniq_menkaure

Notes
Turn   | Place    | Note
-------+----------+-------------------------------------------
     0 | D:1      | Sanktem7 the Minotaur Fighter began the quest for the Orb.
     0 | D:1      | Reached XP level 1. HP: 19/19 MP: 0/0
     0 | D:1      | magus.rc [v1.9.6]
   342 | D:1      | Reached XP level 2. HP: 26/27 MP: 1/1
   367 | D:1      | Found a faded altar of an unknown god.
   671 | D:2      | Reached skill level 3 in Axes
   910 | D:2      | Found a blossoming altar of Fedhas.
   941 | D:2      | Reached skill level 4 in Fighting
   941 | D:2      | Reached skill level 4 in Armour
   941 | D:2      | Reached skill level 4 in Shields
   941 | D:2      | Reached XP level 3. HP: 32/33 MP: 2/2
  1667 | D:3      | Reached XP level 4. HP: 40/40 MP: 3/3
  1863 | D:3      | You pick up a book of Alchemy and begin reading...
  1863 | D:3      | You add the spells Sublimation of Blood, Petrify and
                  | Irradiate to your library.
  1950 | D:3      | Noticed Ijyb
  1962 | D:3      | Killed Ijyb
  1963 | D:3      | Reached skill level 4 in Axes
  1963 | D:3      | Reached skill level 1 in Throwing
  2064 | D:3      | Reached XP level 5. HP: 18/47 MP: 4/4
  2444 | D:3      | You pick up a book of Armaments and begin reading...
  2444 | D:3      | You add the spells Stone Arrow, Animate Armour and
                  | Lehudib's Crystal Spear to your library.
  2659 | D:4      | Noticed Menkaure
  2673 | D:4      | HP: 10/47 [Menkaure (10)]
  2674 | D:4      | Killed Menkaure
  2675 | D:4      | Reached skill level 5 in Axes
  2675 | D:4      | Reached XP level 6. HP: 8/53 MP: 5/5
  2685 | D:4      | HP: 11/53 [orc/+0 short sword (1)]
  2691 | D:4      | HP: 6/53 [hound (5)]
  2692 | D:4      | HP: 2/53 [hound (4)]
  2693 | D:4      | Slain by a hound

Vanquished Creatures
  Menkaure (D:4)
  Ijyb (D:3)
  A sleepcap (D:4)
  4 gnolls (D:3)
  4 adders
  2 worms
  2 dart slugs
  8 orcs
  5 ball pythons
  2 endoplasms (D:2)
  6 giant cockroaches
  8 goblins
  6 hobgoblins
  5 bats
  3 frilled lizards (D:2)
  5 kobolds
  4 rats
67 creatures vanquished.

Table legend:
 A = Non-vault XP
 B = Vault XP
 C = Vault XP percentage of total XP
 D = Non-vault monster count
 E = Vault monster count
 F = Vault count percentage of total count
                 A         B        C        D         E       F
            +---------+---------+-------+---------+---------+-------
      Total |     260 |     209 |  44.6 |      64 |       3 |   4.5
            +---------+---------+-------+---------+---------+-------
        D:1 |      12 |       1 |   7.7 |       8 |       1 |  11.1
        D:2 |      56 |       0 |   0.0 |      18 |       0 |   0.0
        D:3 |     122 |      36 |  22.8 |      28 |       1 |   3.4
        D:4 |      70 |     172 |  71.1 |      10 |       1 |   9.1
            +---------+---------+-------+---------+---------+-------

Skill      XL: |  1  2  3  4  5 |
---------------+----------------+-----
Axes           | 3 4 5 |  5.2
Fighting       | 4 |  4.7
Armour         | 4 |  4.8
Shields        | 4 |  4.7
Throwing       | 1 |  1.9

Action                     |  1- 3 |  4- 6 || total
---------------------------+-------+-------++-------
  Melee: War axe           |    88 |   100 ||   188
         Headbutt          |     8 |    19 ||    27
 Armour: Scale mail        |    42 |       ||    42
         Chain mail        |     2 |    44 ||    46
  Dodge: Dodged            |    34 |    33 ||    67
  Block: Buckler           |     5 |       ||     5
         Kite shield       |    23 |    56 ||    79

Illustrated notes

Table legend:
 A = Kills in this place as a percentage of kills in the entire game.
 B = Kills by you in this place as a percentage of kills by you in the entire game.
 C = Kills by friends in this place as a percentage of kills by friends in the entire game.
 D = Other kills in this place as a percentage of other kills in the entire game.
 E = Experience gained in this place as a percentage of experience gained in the entire game.
 F = Experience gained in this place divided by the number of levels of this place that you have seen.
                   A       B       C       D       E      F
               +-------+-------+-------+-------+-------+----------------------
         Total | 100.0 | 100.0 |   N/A |   N/A | 100.0 | 117.2
       Dungeon | 100.0 | 100.0 |   N/A |   N/A | 100.0 | 117.2
               +-------+-------+-------+-------+-------+----------------------

Table legend: (Time is in decaauts)
 A = Elapsed time spent in this place.
 B = Non-inter-level travel time spent in this place.
 C = Inter-level travel time spent in this place.
 D = Time resting spent in this place.
 E = Time spent auto-exploring this place.
 F = Levels seen in this place.
 G = Mean time per level.
                   A        B        C        D        E       F      G
               +--------+--------+--------+--------+--------+-----+--------+
         Total |   2818 |   2686 |    132 |      0 |   2205 |   4 |  704.5 |
       Dungeon |   2818 |   2686 |    132 |      0 |   2205 |   4 |  704.5 |
               +--------+--------+--------+--------+--------+-----+--------+

Top non-repeatable levels by time:
     D:3: 1155 daAuts
     D:2: 903 daAuts
     D:1: 611 daAuts
     D:4: 148 daAuts
